 Dungeon Crawl Stone Soup version 0.30.0-5-g1a98f26d00 (webtiles) character file.

Game seed: 6663083725683215157

18 SnakkuSnakku7 the Cudgeller (level 2, -2/24 HPs)
             Began as a Human Cinder Acolyte on May 13, 2023.
             Was a High Priest of Ignis.
             Succumbed to an adder's poison
             ... on level 2 of the Dungeon.
             The game lasted 00:00:58 (926 turns).

SnakkuSnakku7 the Cudgeller (Human Cinder Acolyte)   Turns: 926, Time: 00:00:59

Health: -2/24      AC:  2    Str: 14    XL:     2   Next: 90%
Magic:  3/3        EV: 11    Int: 14    God:    Ignis [*****.]
Gold:   36         SH:  0    Dex:  8    Spells: 3/3 levels left

rFire   + . .        a - -1 mace (flame)
rCold   . . .        (no shield)
rNeg    . . .        b - +0 robe
rPois   .            (no helmet)
rElec   .            (no cloak)
rCorr   .            (no gloves)
SInv    .            (no boots)
Will    .....        (no amulet)
Stlth   +            (no ring)
HPRegen 0.24/turn    (no ring)
MPRegen 0.08/turn

%: no passive effects
@: lethally poisoned (-2 -> -14)
A: no striking features
a: Renounce Religion, Fiery Armour, Foxfire Swarm, Rising Flame


You were on level 2 of the Dungeon.
You worshipped Ignis.
Ignis was extremely pleased with you.
You visited 1 branch of the dungeon, and saw 2 of its levels.

You collected 36 gold pieces.

Inventory:

Hand Weapons
 a - a -1 mace of flaming (weapon)
Missiles
 h - 3 poisoned darts (quivered)
Armour
 b - a +0 robe (worn)
Jewellery
 c - a ring of protection from cold
Scrolls
 d - 3 scrolls of identify {unknown}
 k - a scroll of vulnerability {unknown}
 l - a scroll of fear {unknown}
Potions
 e - 2 potions of curing {unknown}
 f - a potion of brilliance {unknown}
 g - a potion of might {unknown}
 i - a potion of berserk rage {unknown}
 j - a potion of lignification {unknown}


   Skills:
 - Level 3.0 Fighting
 + Level 3.9 Maces & Flails
 - Level 1.0 Spellcasting
 - Level 3.0 Fire Magic


You had 3 spell levels left.
You didn't know any spells.
Your spell library contained the following spells:

 Spells                   Type           Power      Damage    Failure   Level
 Scorch                   Fire           18%        2d6       12%         2


Dungeon Overview and Level Annotations

Branches:
Dungeon (2/15)

Altars:


Message History

A frilled lizard is nearby!
The frilled lizard hisses angrily.
The frilled lizard barely misses you.
You hit the frilled lizard. You burn the frilled lizard.
You kill the frilled lizard!
An adder comes into view.
The adder hisses angrily.
An adder is nearby!
Found a ring mail.
You closely miss the adder. The adder misses you. The adder bites you.
You barely miss the adder. The adder bites you but does no damage.
The adder bites you.
You closely miss the adder. The adder bites you.
You are poisoned.
The adder poisons you!
You barely miss the adder.
You feel sick. The adder misses you. The adder barely misses you.
You barely miss the adder.
You feel sick. The adder barely misses you.
You closely miss the adder.
You feel sick. The adder bites you but does no damage. The adder bites you.
You are more poisoned.
The adder poisons you!
You hit the adder. You burn the adder.
The adder is heavily wounded.
* * * LOW HITPOINT WARNING * * *
You feel very sick. The adder barely misses you.
You closely miss the adder.
The adder is heavily wounded.
* * * LOW HITPOINT WARNING * * *
You feel sick. The adder bites you.
* * * LOW HITPOINT WARNING * * *
You are more poisoned.
The adder poisons you! The adder bites you.
* * * LOW HITPOINT WARNING * * *
You are more poisoned.
The adder poisons you!
You closely miss the adder.
The adder is heavily wounded.
You die...

#.###.##.........#
#.# #.##.#.#.....#
#.# #.##.#.#.#...# #
#.# #.##.#.#.#.#.#
#.#.# #....#.#.#.#.#
#.#.########.#.#.#.#
#..................#
###.########.#######
#@# #........ #S#
######### #.# #.#
#.# #.# #[# #.#


You could see an adder.

Vanquished Creatures
  A dart slug (D:1)
  4 endoplasms (D:1)
  A giant cockroach (D:1)
  2 kobolds (D:1)
  3 ball pythons (D:1)
  3 bats (D:1)
  A frilled lizard (D:2)
15 creatures vanquished.

Notes
Turn   | Place    | Note
-------+----------+-------------------------------------------
     0 | D:1      | SnakkuSnakku7 the Human Cinder Acolyte began the quest for
                  | the Orb.
     0 | D:1      | Reached XP level 1. HP: 18/18 MP: 2/2
   254 | D:1      | Reached XP level 2. HP: 24/24 MP: 3/3
   925 | D:2      | HP: 1/24 [adder (2)]
   926 | D:2      | Succumbed to an adder's poison

Illustrated notes

Levels and vault maps discovered:
D:1:      ncdulo_lavacross, layout_loops_corners, chequers_serial_rivers_micro_c
D:2:      layout_basic, serial_rivers, chequers_serial_rivers_small_3,
          chequers_serial_rivers_micro_d, chequers_serial_rivers_small_3,
          chequers_serial_rivers_large_b, chequers_serial_rivers_marsh,
          chequers_serial_rivers_marsh

Action                     || total
---------------------------++-------
  Melee: Mace              ||    38
 Armour: Robe              ||     8
  Dodge: Dodged            ||    24
